 Dungeon Crawl Stone Soup version 0.31-a0-431-g88bdf31460 (webtiles) character file.

Game seed: 16919979484696956521

2014 garrulousMonolith the Sneak (level 9, -20/45 HPs)
             Began as an Octopode Shapeshifter on July 31, 2023.
             Was an Initiate of Gozag.
             Demolished by a two-headed ogre
             ... wielding a +0 giant club
              (22 damage)
             ... on level 6 of the Dungeon.
             The game lasted 00:06:15 (4811 turns).

garrulousMonolith the Sneak (Octopode Shapeshifter) Turns: 4811, Time: 00:06:15

Health: -20/45     AC:  5    Str: 17    XL:     9   Next: 22%
Magic:  9/9        EV: 15    Int: 10    God:    Gozag
Gold:   295        SH:  0    Dex: 14    Spells: 8/8 levels left

rFire   . . .        e - melded +7 broad axe of Saemoer {spect, Str+2}
rCold   . . .        (shield currently unavailable)
rNeg    + . .        (helmet restricted)
rPois   .            (no amulet)
rElec   .            s - ring of positive energy
rCorr   .            x - +4 ring of protection
SInv    .            (no ring)
Will    .....        (no ring)
Stlth   ++++         (no ring)
HPRegen 0.27/turn    (no ring)
MPRegen 0.11/turn    (no ring)
                     (no ring)

%: no passive effects
@: blade tentacles, gold aura
A: reduced hp, almost no armour, amphibious, 8 rings, camouflage 1, gelatinous
body 1, (nimble swimmer 1), tentacles
a: Begin Untransformation, Renounce Religion, Potion Petition, Call Merchant,
Bribe Branch


You were on level 6 of the Dungeon.
You worshipped Gozag.
Gozag was aware of your devotion.
You had blades for main tentacles.
You visited 2 branches of the dungeon, and saw 7 of its levels.

You collected 450 gold pieces.
You paid 155 gold pieces to Gozag.

Inventory:

Hand Weapons
 e - the +7 broad axe of Saemoer (melded) {spect, Str+2}
   (You found it on level 2 of the Dungeon)

   Str:       It affects your strength (+2).
 m - a +2 dagger of venom
 v - the +9 whip "Qibuogg" {flame, Dex+3}
   (You found it on level 5 of the Dungeon)

   Dex:       It affects your dexterity (+3).
Missiles
 g - 3 atropa-tipped darts
 u - 2 darts of dispersal
 C - 2 curare-tipped darts
Jewellery
 s - a ring of positive energy (left blade tentacle)
 x - a +4 ring of protection (right blade tentacle)
 A - a +6 ring of strength
Talismans
 b - a beast talisman
 B - a serpent talisman
 D - a blade talisman (active)
Wands
 f - a wand of roots (7)
Scrolls
 c - a scroll of immolation
 d - 6 scrolls of teleportation
 h - a scroll of vulnerability {unknown}
 j - a scroll of enchant armour {unknown}
 l - 2 scrolls of blinking {unknown}
 n - 2 scrolls of fear {unknown}
 o - a scroll of brand weapon {unknown}
 p - 2 scrolls of amnesia
 r - a scroll of identify {unknown}
 y - a scroll of silence {unknown}
Potions
 a - a potion of lignification
 i - a potion of attraction {unknown}
 k - a potion of degeneration {unknown}
 q - 6 potions of curing {unknown}
 t - a potion of ambrosia {unknown}
 w - a potion of might {unknown}
 z - 2 potions of heal wounds {unknown}


   Skills:
 + Level 4.8 Fighting
 + Level 5.1 Dodging
 + Level 6.6 Stealth
 + Level 5.5 Unarmed Combat
 * Level 6.5 Shapeshifting


You had 8 spell levels left.
You didn't know any spells.
Your spell library contained the following spells:

 Spells                   Type           Power      Damage    Failure   Level
 Freeze                   Ice            0%         1d3       78%         1
 Shock                    Conj/Air       0%         1d3       78%         1
 Wereblood                Tmut           0%         N/A       87%         2
 Frozen Ramparts          Ice            0%         1d1       97%         3
 Hailstorm                Conj/Ice       0%         3d3       97%         3
 Ignite Poison            Fire/Tmut/Pois 0%         N/A       97%         3
 Swiftness                Air            0%         N/A       97%         3
 Airstrike                Air            0%         2d(0-16)  100%        4
 Sticky Flame             Conj/Fire      0%         2d3       100%        4
 Irradiate                Conj/Tmut      0%         3d11      100%        5
 Ignition                 Fire           0%         3d3       100%        8


Dungeon Overview and Level Annotations

Branches:
Dungeon (6/15)             Temple (1/1) D:6

Altars:
Ashenzari
Cheibriados
Dithmenos
Fedhas
Gozag
Hepliaklqana
Kikubaaqudgha
Makhleb
Nemelex Xobeh
Okawaru
Qazlal
Sif Muna
Uskayaw
Vehumet
Wu Jian
Xom
Yredelemnul
The Shining One

Annotations:
D:6 2 runed translucent doors, BaconRulez's ghost, novice TrSh


Innate Abilities, Weirdness & Mutations

You have blades for main tentacles.
Your maximum health is decreased, since you lack skill for your form.
Your spellcasting is less reliable in this form.
You are incapable of wielding weapons or throwing items.
You cannot wear most types of armour.
You are amphibious.
You can wear up to eight rings at the same time.
Your skin changes colour to match your surroundings (Stealth+).
Your rubbery body absorbs attacks. (AC +1, EV +1)
((You are camouflaged when in or above water. (Stealth+)))
You have tentacles for arms and can constrict up to eight enemies at once.


Message History

No target in view!
No target in view!
No target in view!
HP restored.
You now have 281 gold pieces (gained 7).
You now have 285 gold pieces (gained 4).
q - 6 bubbling inky potions (gained 2)
There is a stone staircase leading up here.
Found a runed translucent door.
The ball python hisses angrily.
You now have 295 gold pieces (gained 10).
A two-headed ogre comes into view.
It is wielding a +0 giant club and a +0 giant spiked club.
A two-headed ogre is nearby!
An ice beast comes into view.
The helpless ice beast fails to defend itself.
You slice the ice beast!!
You kill the ice beast!
The two-headed ogre closely misses you.
The two-headed ogre hits you with a +0 giant spiked club!!
Ouch! That really hurt!
You are too injured to fight recklessly!
You are too injured to fight recklessly!
You are too injured to fight recklessly!
You are too injured to fight recklessly!
You slash the two-headed ogre!
You slash the two-headed ogre, but do no damage.
You squeeze the two-headed ogre.
The two-headed ogre is lightly wounded.
The two-headed ogre hits you with a +0 giant club!
* * * LOW HITPOINT WARNING * * *
The two-headed ogre hits you with a +0 giant spiked club.
* * * LOW HITPOINT WARNING * * *
You slash the two-headed ogre!
The two-headed ogre is heavily wounded.
You barely miss the two-headed ogre.
The two-headed ogre is heavily wounded.
The two-headed ogre misses you.
The two-headed ogre hits you with a +0 giant spiked club!!
You die...
Your body crumbles into a pile of gold.

#.#
#~~~#.
#.#
#~w~#.
#.#
#~~~#.
#######.#
#~W~#.
#.......#
#~F~#.
#.#######
#~~~#.
#........
#~~~#.
#..######
#~F~#.
#@$....#
##+##.
#O####.#
#.....
..#
##...#
###.
##### .
.. .. ...


You could see a two-headed ogre.

Vanquished Creatures
  Grinder (D:4)
  Sigmund (D:4)
  Eustachio (D:4)
  A water moccasin (D:4)
  2 ice beasts (D:6)
  4 ogres
  4 scorpions
  3 howler monkeys
  5 hounds
  3 jellies
  A sleepcap (D:5)
  2 iguanas
  2 orc wizards
  A mummy (D:3)
  7 adders
  A shadow imp (D:6)
  A white imp (D:5)
  An ufetubus (D:5)
  A worm (D:2)
  2 dart slugs
  11 orcs
  5 endoplasms
  2 giant cockroaches
  8 goblins
  2 hobgoblins
  2 jackals (D:2)
  4 kobolds
  2 quokkas
  5 ball pythons
  4 bats
  5 frilled lizards
  5 rats
99 creatures vanquished.

Notes
Turn   | Place    | Note
-------+----------+-------------------------------------------
     0 | D:1      | garrulousMonolith the Octopode Shapeshifter began the quest
                  | for the Orb.
     0 | D:1      | Reached XP level 1. HP: 13/13 MP: 1/1
   493 | D:1      | Reached XP level 2. HP: 18/18 MP: 2/2
   747 | D:2      | Reached skill level 1 in Stealth
  1010 | D:2      | Reached XP level 3. HP: 23/23 MP: 3/3
  1029 | D:2      | Identified the +7 broad axe of Saemoer {spect, Str+2}
  1230 | D:2      | Found a burning altar of Makhleb.
  1487 | D:3      | Reached XP level 4. HP: 28/28 MP: 4/4
  1916 | D:3      | Found a snail-covered altar of Cheibriados.
  2108 | D:3      | Reached XP level 5. HP: 30/34 MP: 5/5
  2228 | D:4      | You fall into a shaft and drop 1 floor!
  2228 | D:5      | Entered Level 5 of the Dungeon
  2232 | D:5      | Noticed an ogre
  2236 | D:5      | Killed an ogre
  2261 | D:5      | Reached XP level 6. HP: 40/40 MP: 6/6
  2269 | D:4      | Noticed Grinder
  2270 | D:4      | Found a shimmering blue altar of Sif Muna.
  2271 | D:4      | Found a stormy altar of Qazlal.
  2278 | D:4      | Killed Grinder
  2279 | D:4      | Reached XP level 7. HP: 18/45 MP: 7/7
  2446 | D:4      | Found an iron altar of Okawaru.
  2651 | D:4      | Noticed Eustachio
  2659 | D:4      | Killed Eustachio
  2660 | D:4      | Reached skill level 5 in Shapeshifting
  2664 | D:4      | Reached XP level 8. HP: 30/52 MP: 8/8
  2871 | D:4      | Noticed Sigmund
  2876 | D:4      | Killed Sigmund
  2877 | D:4      | Reached skill level 5 in Stealth
  3281 | D:5      | Reached skill level 5 in Unarmed Combat
  3283 | D:5      | Identified the +9 whip "Qibuogg" {flame, Dex+3}
  3636 | D:5      | Found a glowing silver altar of Zin.
  3638 | D:5      | Found a basalt altar of Yredelemnul.
  3638 | D:5      | Found a shimmering altar of Xom.
  3640 | D:5      | Found a hide-covered altar of Uskayaw.
  3640 | D:5      | Found a broken altar of Ashenzari.
  3640 | D:5      | Found a glowing golden altar of the Shining One.
  4104 | D:6      | Reached XP level 9. HP: 59/59 MP: 9/9
  4198 | D:6      | Found a staircase to the Ecumenical Temple.
  4235 | D:6      | Reached skill level 5 in Dodging
  4240 | Temple   | Entered the Ecumenical Temple
  4379 | Temple   | Became a worshipper of Gozag Ym Sagoz the Greedy
  4664 | D:6      | Found a runed translucent door.
  4665 | D:6      | Noticed BaconRulez's ghost (novice TrSh)
  4755 | D:6      | Found a runed translucent door.
  4803 | D:6      | Noticed a two-headed ogre
  4809 | D:6      | HP: 1/45 [two-headed ogre/+0 giant club (5)]
  4811 | D:6      | Demolished by a two-headed ogre

Illustrated notes

Levels and vault maps discovered:
D:1:      denvon_arrival_waterhouse, layout_basic, minivault_23, feat_on_display
D:2:      layout_loops_ring, basic_altar, minmay_fractal_squares_gapless_5
D:3:      layout_basic, slow_altar_2, guppyfry_early_lair_pool
D:4:      layout_rooms, mainiacjoe_overflow_brackets,
          mainiacjoe_overflow_divided_tiny, chequers_serial_rivers_micro_c,
          uniq_sigmund, uniq_grinder, uniq_eustachio
D:5:      layout_basic, doesnt_xom_only_xom, grunt_ministairs_4
D:6:      layout_basic, minmay_temple_entry_junction, ebering_ghost_sewer_f,
          minmay_stone_trees_small, kennysheep_generic_room_16
Temple:   oiseaux_autumnal_temple

Skill      XL: |  1  2  3  4  5  6  7  8  9 |
---------------+----------------------------+-----
Stealth        | 1 2 3 4 6 |  6.6
Fighting       | 2 3 4 |  4.8
Shapeshifting  | 4 5 6 |  6.5
Dodging        | 3 4 5 |  5.1
Unarmed Combat | 4 5 |  5.5

Action                     |  1- 3 |  4- 6 |  7- 9 || total
---------------------------+-------+-------+-------++-------
  Melee: Unarmed           |     8 |       |    14 ||    22
         Dagger            |    22 |       |       ||    22
         Constrict         |    10 |     2 |    22 ||    34
         Tentacles         |     5 |     5 |    12 ||    22
         Broad axe         |    19 |    24 |    50 ||    93
         Punch             |       |       |     6 ||     6
    Use: Scroll            |     2 |       |     1 ||     3
         Potion            |       |     1 |       ||     1
   Stab: Sleeping          |    12 |     1 |    12 ||    25
         Distracted        |     1 |       |       ||     1
 Armour: Skin              |     1 |       |     6 ||     7
  Dodge: Dodged            |    23 |    14 |    37 ||    74
   Form: Blade             |       |       |     1 ||     1
         Anaconda          |       |       |     1 ||     1

Table legend: (Time is in decaauts)
 A = Elapsed time spent in this place.
 B = Non-inter-level travel time spent in this place.
 C = Inter-level travel time spent in this place.
 D = Time resting spent in this place.
 E = Time spent auto-exploring this place.
 F = Levels seen in this place.
 G = Mean time per level.
                   A        B        C        D        E       F      G
               +--------+--------+--------+--------+--------+-----+--------+
         Total |   4875 |   4680 |    195 |    616 |   3150 |   7 |  696.4 |
       Dungeon |   4708 |   4540 |    168 |    616 |   3150 |   6 |  784.7 |
        Temple |    166 |    139 |     27 |      0 |      0 |   1 |  166.0 |
               +--------+--------+--------+--------+--------+-----+--------+

Top non-repeatable levels by time:
     D:4: 969 daAuts
     D:5: 942 daAuts
     D:3: 831 daAuts
     D:1: 731 daAuts
     D:2: 687 daAuts
     D:6: 546 daAuts
  Temple: 166 daAuts
